 Dungeon Crawl Stone Soup version 0.29.1-13-g9f3cf754e1 (webtiles) character file.

Game seed: 622165629251600638

449 booth the Chopper (level 6, -1/46 HPs)
             Began as a Demonspawn Gladiator on Jan 19, 2023.
             Was an Initiate of Wu Jian.
             Slain by Duvessa
             ... wielding a +0 short sword
              (17 damage)
             ... on level 4 of the Dungeon.
             The game lasted 00:24:14 (4550 turns).

booth the Chopper (Demonspawn Gladiator)            Turns: 4550, Time: 00:24:14

Health: -1/46      AC:  5    Str: 17    XL:     6   Next: 74%
Magic:  6/6        EV: 13    Int:  9    God:    Wu Jian [......]
Gold:   175        SH:  0    Dex: 14    Spells: 5/5 levels left

rFire   . . .      SeeInvis .   a - +0 war axe
rCold   . . .      Faith    .   (no shield)
rNeg    . . .      Spirit   .   b - +0 leather armour
rPois   .          Reflect  .   (helmet restricted)
rElec   .          Harm     .   (no cloak)
rCorr   .          Rampage  .   (no gloves)
Will    .....                   k - +1 pair of boots
Stlth   ++........              (no amulet)
HPRegen 0.15/turn               (no ring)
MPRegen 0.10/turn               (no ring)

@: no status effects
A: antennae 1, spiny 1, sturdy frame 1
a: Renounce Religion


You were on level 4 of the Dungeon.
You worshipped Wu Jian.
Wu Jian was noncommittal.
You visited 2 branches of the dungeon, and saw 5 of its levels.

You collected 175 gold pieces.

Inventory:

Hand Weapons
 a - a +0 war axe (weapon)
 g - a +0 mace
Missiles
 d - 2 throwing nets (quivered)
 e - a javelin
Armour
 b - a +0 leather armour (worn)
 k - a +1 pair of boots (worn)
Wands
 f - a wand of digging (5)
Scrolls
 h - a scroll of poison
 m - a scroll of summoning
 o - 2 scrolls of identify
 p - a scroll of fear {unknown}
 q - a scroll of teleportation {unknown}
Potions
 c - 2 potions of curing
 i - a potion of mutation {unknown}
 j - a potion of heal wounds {unknown}
 l - a potion of lignification {unknown}


   Skills:
 + Level 2.8 Fighting
 * Level 5.6 Axes
 + Level 2.0 Throwing
 + Level 0.2 Armour
 + Level 3.4 Dodging
 + Level 2.4 Stealth


You had 5 spell levels left.
You didn't know any spells.
Your spell library was empty.

Dungeon Overview and Level Annotations

Branches:
Dungeon (4/15)             Temple (1/1) D:4

Altars:
Ashenzari
Cheibriados
Fedhas
Gozag
Makhleb
Nemelex Xobeh
Okawaru
Qazlal
Uskayaw
Vehumet
Wu Jian
Yredelemnul

Annotations:
D:4 Duvessa, Natasha


Innate Abilities, Weirdness & Mutations

You have a pair of small antennae on your head.
You are partially covered in sharp spines.
Your movements are slightly less encumbered by armour. (ER -2)


Message History

Dowan casts a spell.
Dowan blinks!
You closely miss Dowan.
Dowan is almost dead.
Dowan points at you and mumbles some strange words.
The puff of flame hits you.
You closely miss Dowan.
Dowan is almost dead.
Dowan hits you but does no damage.
You slash Dowan!
You kill Dowan!
The Council accepts your kill.
You hear a distant scream of rage.
Things that are here:
a +0 dagger; a +0 robe You start resting.
You are no longer glowing.
You start resting.
You sense a monster nearby.
You start resting.
HP restored.
Found a stone staircase leading up.
Duvessa, Sister of Dowan comes into view.
She is wielding a +0 short sword and carrying a wand of flame (27).
Duvessa goes berserk!
You hit Duvessa but do no damage. Duvessa barely misses you.
Duvessa is struck by your spines. Duvessa hits you with a +0 short sword!
You hit Duvessa.
Duvessa is lightly wounded.
Duvessa hits you with a +0 short sword. Duvessa is struck by your spines.
Duvessa hits you with a +0 short sword.
You slash Duvessa!
Duvessa is moderately wounded.
Duvessa closely misses you. Duvessa hits you with a +0 short sword!
You hit Duvessa.
Duvessa is heavily wounded.
Duvessa hits you with a +0 short sword.
You hit Duvessa.
Duvessa is heavily wounded.
Duvessa hits you with a +0 short sword!
You die...

#.####)#####{#.# #.#
#.#....{#.# #.#
#.#.#####.# #.# #.#.
#.# #.# #.#. #.# #.#
#.#. #.# #.# #.#. #.#
#####.####†#.#####.#
#....[...#.#..e@...#
##......#.#.#<#######
..†.........#.
#########.###. #.# #.
#.# #. #.# #. #.# ##
#.#


You could see Duvessa (berserk).

Vanquished Creatures
  An ogre (D:4)
  A necrophage (D:4)
  Dowan (D:4)
  2 jellies (D:4)
  An orc priest (D:4)
  An iguana (D:4)
  4 gnolls (D:4)
  2 adders
  3 worms
  3 dart slugs
  3 bats
  7 endoplasms
  6 giant cockroaches
  8 goblins
  7 hobgoblins
  4 jackals (D:2)
  5 kobolds
  A quokka (D:1)
  2 ball pythons
  5 frilled lizards
  6 rats
73 creatures vanquished.

Vanquished Creatures (others)
  5 fungi (D:3)
5 creatures vanquished.

Grand Total: 78 creatures vanquished

Notes
Turn   | Place    | Note
-------+----------+-------------------------------------------
     0 | D:1      | booth the Demonspawn Gladiator began the quest for the Orb.
     0 | D:1      | Reached XP level 1. HP: 16/16 MP: 1/1
   396 | D:1      | Gained mutation: Your movements are slightly less
                  | encumbered by armour. (ER -2) [demonic ancestry]
   396 | D:1      | Reached XP level 2. HP: 22/22 MP: 2/2
   514 | D:1      | Reached skill level 3 in Axes
   886 | D:1      | Gained mutation: You have a pair of small antennae on your
                  | head. [demonic ancestry]
   886 | D:1      | Reached XP level 3. HP: 27/27 MP: 3/3
  1387 | D:2      | Found a faded altar of an unknown god.
  2050 | D:3      | Found a sparkling altar of Nemelex Xobeh.
  2423 | D:3      | Found a blossoming altar of Fedhas.
  2442 | D:3      | Found a snail-covered altar of Cheibriados.
  2624 | D:3      | Reached XP level 4. HP: 15/34 MP: 4/4
  3171 | D:3      | Found a basalt altar of Yredelemnul.
  3288 | D:4      | Reached skill level 4 in Axes
  3292 | D:4      | Gained mutation: You are partially covered in sharp spines.
                  | [demonic ancestry]
  3292 | D:4      | Reached XP level 5. HP: 12/39 MP: 5/5
  3522 | D:4      | Reached skill level 1 in Stealth
  3528 | D:4      | Noticed Natasha
  3871 | D:4      | Found a staircase to the Ecumenical Temple.
  3883 | Temple   | Entered the Ecumenical Temple
  4090 | Temple   | Became a worshipper of the Wu Jian Council
  4287 | D:4      | Reached skill level 5 in Axes
  4287 | D:4      | Reached XP level 6. HP: 43/46 MP: 6/6
  4358 | D:4      | Noticed Dowan
  4371 | D:4      | Killed Dowan
  4543 | D:4      | Noticed Duvessa
  4550 | D:4      | Slain by Duvessa

Illustrated notes

Levels and vault maps discovered:
D:1:      shiori_arrival_oz, layout_loops_ring
D:2:      layout_loops_cross, shapermc_ecumenical_altar_mp_urbaneastern
D:3:      layout_basic, kennysheep_ying_yang, mainiacjoe_overflow_chevrons,
          mainiacjoe_overflow_swirl
D:4:      layout_basic, minmay_temple_entry_proselytizer, uniq_duvessa,
          uniq_natasha
Temple:   jpeg_temple_island

Skill      XL: |  1  2  3  4  5 |
---------------+----------------+-----
Throwing       | 2 |  2.0
Axes           | 3 4 5 |  5.6
Dodging        | 3 |  3.4
Stealth        | 2 |  2.4
Fighting       | |  2.8
Armour         | |  0.2

Action                   |  1- 3 |  4- 6 || total
-------------------------+-------+-------++-------
Melee: War axe           |   146 |    72 ||   218
       Punch             |       |     2 ||     2
Throw: Javelin           |     1 |     1 ||     2
       Throwing net      |     1 |     1 ||     2
Invok: Lunge             |       |     6 ||     6
  Use: Scroll            |     8 |     2 ||    10
       Potion            |     1 |     2 ||     3
 Stab: Sleeping          |     1 |     1 ||     2
       Invisible         |       |     1 ||     1
Armor: Leather armour    |    58 |    11 ||    69
Dodge: Dodged            |    87 |    36 ||   123
